 Dungeon Crawl Stone Soup version 0.18.1-48-g4cf74bf (webtiles) character file.

44 chinuro the Ruffian (level 3, -1/36 HPs)
             Began as a Troll Monk on Aug 26, 2016.
             Was a Believer of Kikubaaqudgha.
             Slain by a gnoll
             ... wielding a +0 spear
              (7 damage)
             ... on level 3 of the Dungeon.
             The game lasted 00:07:34 (1306 turns).

chinuro the Ruffian (Troll Monk)                    Turns: 1306, Time: 00:07:38

Health: -1/36      AC:  5    Str: 20    XL:     3   Next: 41%
Magic:  2/2        EV: 10    Int:  6    God:    Kikubaaqudgha [**....]
Gold:   83         SH:  0    Dex: 12    Spells: 1 memorised, 1 level left

rFire  . . .     SeeInvis .     u - +0 falchion
rCold  . . .     Gourm    +     a - +0 robe
rNeg   . . .     Faith    .     (no shield)
rPois  .         Spirit   .     (helmet restricted)
rElec  .         Dismiss  .     (no cloak)
rCorr  .         Reflect  .     (gloves unavailable)
SustAt .         Harm     .     (boots unavailable)
MR     .....                    (no amulet)
Stlth  +.........               (no ring)
                                (no ring)

@: not resistant to hostile enchantments, very unstealthy
A: unfitting armour, claws 3, fast metabolism 3, gourmand, regeneration 2,
shaggy fur 1, tough skin 2
a: Receive Corpses, Renounce Religion


You were on level 3 of the Dungeon.
You worshipped Kikubaaqudgha.
Kikubaaqudgha was pleased with you.
You were hungry.

You visited 1 branch of the dungeon, and saw 3 of its levels.

You collected 83 gold pieces.

Inventory:

Hand Weapons
 l - a +0 dagger
 s - a +0 hand axe
 u - a +0 falchion (weapon)
Armour
 a - a +0 robe (worn)
 d - a +0 chain mail
Scrolls
 e - a scroll of noise {unknown}
 g - 2 scrolls of enchant armour {unknown}
 h - a scroll of blinking {unknown}
 k - 3 scrolls of teleportation {unknown}
 m - a scroll of remove curse {unknown}
 o - a scroll of fear {unknown}
 v - 2 scrolls of recharging {unknown}
 w - a scroll of immolation {unknown}
 x - a scroll of amnesia {unknown}
 y - a scroll of identify {unknown}
Potions
 f - a potion of might {unknown}
 i - a potion of agility {unknown}
 j - 2 potions of brilliance {unknown}
 n - a potion of curing {unknown}
 p - a potion of degeneration {unknown}
 q - a potion of haste {unknown}
 t - a potion of berserk rage {unknown}
Books
 A - Kikubaaqudgha's Tome of Sinister Arts
   (Kikubaaqudgha gifted it to you on level 2 of the Dungeon)

   Spells                             Type                      Level
   a - Pain                           Necromancy                   1
   b - Corpse Rot                     Necromancy                   2
   c - Sublimation of Blood           Necromancy                   2
   d - Regeneration                   Charms/Necromancy            3
   e - Control Undead                 Necromancy                   4
Comestibles
 b - a bread ration
 c - 4 chunks of flesh
 r - a meat ration


   Skills:
 + Level 2.9 Fighting
 + Level 3.0 Dodging
 + Level 1.1 Stealth
 + Level 4.2 Unarmed Combat


You had one spell level left.
You knew the following spells:

 Your Spells              Type           Power        Failure   Level  Hunger
a - Pain                  Necr           #...         52%         1    ##.....


Dungeon Overview and Level Annotations

Branches:
Dungeon (3/15)

Altars:
Kikubaaqudgha


Innate Abilities, Weirdness & Mutations

You are too large for most types of armour.
You have claws for hands.
Your metabolism is lightning-fast.
You like to eat raw meat.
You heal very quickly.
You are covered in fur (AC +1).
You have very tough skin (AC +2).


Message History

The gnoll hits you from afar with a spear.
The gnoll hits you but does no damage. x2
You completely miss the gnoll. The gnoll hits you but does no damage.
The gnoll hits you from afar with a spear!
The gnoll hits you with a club. The gnoll completely misses you.
An adder comes into view.
You hit the gnoll.
The gnoll is heavily wounded.
The gnoll hits you from afar with a spear.
The gnoll hits you from afar with a spear!
* * * LOW HITPOINT WARNING * * *
The gnoll hits you but does no damage. x2; The gnoll misses you.
You slash the gnoll!
You kill the gnoll!
Kikubaaqudgha accepts your kill.
Your Dodging skill increases to level 3!
The gnoll hits you but does no damage. The gnoll closely misses you.
The gnoll hits you from afar with a spear!
You die...
Kikubaaqudgha rasps: "You have failed me!
Welcome... death!"

......w .......
.....#.####
..........##
...S..#.#..### .
#.#..........# ...
.....gg......#....
#...g)@..........
..?.......<.......
..#.............##
#..........$...#
#..............#
#..........##..#
#..........# ..
#>.........# .
........##..


You could see a worm (wandering), 3 gnolls and an adder.

Vanquished Creatures
  A gnoll (D:3)
  2 giant geckos
  A ball python (D:1)
  4 giant cockroaches
  3 goblins (D:1)
  3 hobgoblins
  3 jackals (D:1)
  A quokka (D:2)
  5 bats
  2 kobolds (D:2)
  6 rats (D:1)
  A bush (D:2)
32 creatures vanquished.

Notes
Turn   | Place    | Note
--------------------------------------------------------------
     0 | D:1      | chinuro the Troll Monk began the quest for the Orb.
     0 | D:1      | Reached XP level 1. HP: 22/22 MP: 0/0
   224 | D:1      | Reached XP level 2. HP: 29/29 MP: 1/1
   612 | D:1      | Paralysed by fainting for 5 turns
  1042 | D:2      | Reached XP level 3. HP: 36/36 MP: 2/2
  1174 | D:2      | Found an ancient bone altar of Kikubaaqudgha.
  1185 | D:2      | Became a worshipper of Kikubaaqudgha
  1185 | D:2      | Reached * piety under Kikubaaqudgha
  1185 | D:2      | Received a gift from Kikubaaqudgha
  1185 | D:2      | Reached ** piety under Kikubaaqudgha
  1188 | D:2      | Identified Kikubaaqudgha's Tome of Sinister Arts (Kikubaaqudgha gifted it to you on level 2 of the Dungeon)
  1192 | D:2      | Learned a level 1 spell: Pain
  1306 | D:3      | Slain by a gnoll

Skill      XL: |  1  2  3 |
---------------+----------+-----
Dodging        | 3 |  3.0
Fighting       | |  2.9
Stealth        | |  1.1
Unarmed Combat | |  4.2

Action                   || total
-------------------------++-------
Melee: Unarmed           ||    72
       Dagger            ||   118
       Punch             ||     3
       Falchion          ||     4
  Eat: Bread ration      ||     2
Armor: Robe              ||   143
Dodge: Dodged            ||   139
